 Dungeon Crawl Stone Soup version 0.22-a0-614-g34fbaa0 (webtiles) character file.

17302 Darkshadow the Bludgeoner (level 12, -47/112 HPs)
             Began as a Minotaur Berserker on July 11, 2018.
             Was a High Priest of Trog.
             Annihilated by an enormous slime creature (69 damage)
             ... on level 13 of the Dungeon.
             The game lasted 00:30:01 (13817 turns).

Darkshadow the Bludgeoner (Minotaur Berserker)     Turns: 13817, Time: 00:30:01

Health: -47/112    AC: 15    Str: 22    XL:     12   Next: 17%
Magic:  20/20      EV:  7    Int:  6    God:    Trog [*****.]
Gold:   631        SH: 10    Dex: 13    Spells: 11/11 levels left

rFire    + . .     SeeInvis .   S - +5 eveningstar (flame)
rCold    + . .     Gourm    .   U - +0 shield
rNeg     . . .     Faith    .   x - +0 plate armour
rPois    .         Spirit   .   (helmet restricted)
rElec    .         Reflect  .   w - scarf {rC+ rF+}
rCorr    .         Harm     .   (no gloves)
MR       .....                  (no boots)
Stlth    ..........             P - amulet of regeneration
HPRegen  0.68/turn              k - ring of magical power
MPRegen  0.17/turn              (no ring)

@: no status effects
A: retaliatory headbutt, horns 2
a: Berserk, Trog's Hand, Brothers in Arms, Renounce Religion


You were on level 13 of the Dungeon.
You worshipped Trog.
Trog was extremely pleased with you.
You were very hungry.

You visited 1 branch of the dungeon, and saw 13 of its levels.
You also visited: Sewer and Ossuary.

You collected 631 gold pieces.

Inventory:

Hand Weapons
 a - a +1 mace
 K - a +4 antimagic dire flail
 S - a +5 eveningstar of flaming (weapon)
 T - the +8 flail of Disharmony {drain, *Contam *Rage rC+ Int+8}
   (You took it off an orc priest on level 11 of the Dungeon)

   A truly terrible weapon, it drains the life of those it strikes.
   It affects your intelligence (+8).
   It protects you from cold.
   It may make you go berserk in combat.
   It causes magical contamination when unequipped.
Missiles
 b - 2 silver tomahawks
 h - 320 stones (quivered)
Armour
 w - a scarf of resistance (worn)
 x - a +0 plate armour (worn)
 B - a +0 buckler
 U - a +0 shield (worn)
Jewellery
 i - an uncursed ring of fire
 j - an uncursed ring of stealth {unknown}
 k - a ring of magical power (left hand)
 P - an amulet of regeneration (around neck)
 R - a +5 ring of intelligence {unknown}
Wands
 y - a wand of polymorph (16)
 A - a wand of enslavement (23)
 I - a wand of paralysis (12)
 J - a wand of random effects (26)
Scrolls
 g - 9 scrolls of identify {@r1}
 l - 3 scrolls of enchant weapon
 m - 2 scrolls of immolation
 n - a scroll of fear
 o - 7 scrolls of remove curse {@r2}
 r - a scroll of random uselessness {unknown}
 u - 10 scrolls of teleportation
 v - 5 scrolls of blinking
 C - 2 scrolls of magic mapping
 D - 3 scrolls of noise {unknown}
 F - 2 scrolls of vulnerability {unknown}
 G - 2 scrolls of amnesia {unknown}
 N - a scroll of enchant armour {unknown}
 O - 2 scrolls of brand weapon {unknown}
Potions
 d - a potion of mutation {unknown}
 e - 3 potions of ambrosia
 f - a potion of might {unknown}
 p - 10 potions of curing {unknown}
 q - 2 potions of invisibility {unknown}
 s - a potion of haste
 t - 8 potions of flight {unknown}
 z - 3 potions of agility {unknown}
 E - a potion of lignification {unknown}
 H - a potion of degeneration {unknown}
 L - a potion of cancellation {unknown}
 M - 3 potions of berserk rage {unknown}
 Q - a potion of brilliance {unknown}
Comestibles
 c - 19 rations


   Skills:
 + Level 12.0 Fighting
 * Level 15.5 Maces & Flails
 + Level 11.7 Armour
 - Level 4.1 Dodging
 + Level 5.8 Shields


You had 11 spell levels left.
You didn't know any spells.
Your spell library was empty.

Dungeon Overview and Level Annotations

Branches:
Dungeon (13/15)            Temple (0/1) D:6            Lair (0/6) D:11
    Orc (0/2) D:10
 Vaults: D:13-14

Altars:
Hepliaklqana
Nemelex Xobeh
Qazlal
Trog
Uskayaw
Vehumet

Shops:
D:4 [   D:6 (

Annotations:
D:10 exclusion: downstairs
D:11 exclusion: obsidian statue


Innate Abilities, Weirdness & Mutations

You reflexively headbutt those who attack you in melee.
You have a pair of horns on your head.


Message History

Two slime creatures merge to form an enormous slime creature.
Your plate armour prevents you from hitting the enormous slime creature.
You headbutt the enormous slime creature.
The enormous slime creature is moderately wounded.
You puncture the enormous slime creature!
You burn the enormous slime creature.
You headbutt the enormous slime creature!
The enormous slime creature is moderately wounded.
The enormous slime creature hits you!!!
Ouch! That really hurt!
* * * LOW HITPOINT WARNING * * *
You are too injured to fight recklessly!
You are too injured to fight recklessly!
You are too injured to fight recklessly!
Okay, then.
You block the enormous slime creature's attack.
There is a stone staircase leading up here.
The enormous slime creature hits you!!!
Ouch! That really hurt!
You die...

...... ......
########....##
#............#
#............#
#......†.....#
#......#######
#......#
#..@J..#
#......#
#......#
#......#
########


You could see an enormous slime creature.

Vanquished Creatures
  A hydra (D:10)
  A two-headed ogre (D:10)
  2 unseen horrors
  4 ugly things
  A cyclops (D:12)
  A centaur skeleton (D:11)
  3 komodo dragons
  3 trolls
  A hornet (D:12)
  2 slime creatures (D:13)
  7 hippogriffs
  A meliai zombie (D:11)
  A shadow (D:10)
  3 wyverns
  2 wraiths
  A basilisk (D:11)
  A vampire (D:11)
  Grum (D:9)
  2 steam dragons (D:7)
  3 hungry ghosts
  2 water moccasins (D:8)
  6 sky beasts
  A swamp drake (D:11)
  4 ice beasts
  2 orc warriors
  2 black bears
  An eye of draining (shapeshifter) (D:11)
  A phantom (D:11)
  7 ogres
  9 centaurs
  3 crocodiles
  2 big kobolds
  10 bullfrogs
  A wyvern zombie (Ossuary)
  7 scorpions
  11 killer bees
  6 wights
  2 howler monkeys
  5 crimson imps
  2 quasits
  5 bullfrog zombies
  A centaur zombie (Ossuary)
  A hound (D:12)
  5 jellies
  6 orc wizards
  A bullfrog skeleton (D:9)
  A gnoll shaman (D:8)
  5 iguanas
  15 mummies (Ossuary)
  8 orc priests
  7 worker ants
  2 killer bee zombies (Ossuary)
  2 hound zombies (Ossuary)
  A hound skeleton (D:5)
  5 worker ant zombies
  3 gnolls
  14 adders
  4 shadow imps
  4 oozes
  5 adder zombies
  3 adder skeletons
  7 worms
  3 dart slugs
  6 leopard geckos
  30 orcs
  7 giant cockroaches
  6 goblins
  12 hobgoblins
  27 jackals
  22 kobolds
  5 quokkas
  3 ball pythons
  15 bats
  7 frilled lizards
  A jackal zombie (Ossuary)
  A leopard gecko skeleton (D:6)
  2 leopard gecko zombies (Ossuary)
  10 rats
387 creatures vanquished.

Vanquished Creatures (collateral kills)
  2 wolves (D:9)
  An orc priest (D:9)
  3 kobolds (D:9)
6 creatures vanquished.

Vanquished Creatures (others)
  A fungus (D:7)
1 creature vanquished.

Grand Total: 394 creatures vanquished

Notes
Turn   | Place    | Note
-------+----------+-------------------------------------------
     0 | D:1      | Darkshadow the Minotaur Berserker began the quest for the Orb.
     0 | D:1      | Reached XP level 1. HP: 19/19 MP: 0/0
    56 | D:1      | Reached XP level 2. HP: 23/27 MP: 1/1
   155 | D:1      | Reached skill level 4 in Maces & Flails
   328 | D:1      | Reached XP level 3. HP: 33/33 MP: 2/2
   552 | D:1      | Reached ** piety under Trog
  1335 | D:2      | Reached XP level 4. HP: 41/41 MP: 3/3
  1761 | D:2      | Reached XP level 5. HP: 11/47 MP: 4/4
  2310 | D:3      | Found a glowing drain.
  2328 | Sewer    | Entered a sewer
  2331 | Sewer    | Reached skill level 5 in Fighting
  2333 | Sewer    | Reached *** piety under Trog
  2333 | Sewer    | Reached skill level 5 in Maces & Flails
  2858 | D:3      | Reached XP level 6. HP: 54/56 MP: 5/5
  4080 | D:4      | Found Vikel's Armour Shop.
  4090 | D:4      | Reached **** piety under Trog
  4563 | D:5      | Entered Level 5 of the Dungeon
  4582 | D:5      | Reached skill level 6 in Maces & Flails
  4582 | D:5      | Reached XP level 7. HP: 39/62 MP: 6/6
  4809 | D:5      | Reached skill level 5 in Armour
  5174 | D:5      | Reached skill level 7 in Maces & Flails
  5455 | D:5      | Found a radiant altar of Vehumet.
  5486 | D:5      | Found a bloodstained altar of Trog.
  5697 | D:6      | Found a sand-covered staircase.
  5719 | Ossuary  | Entered an ossuary
  5739 | Ossuary  | Reached XP level 8. HP: 20/71 MP: 7/7
  5764 | Ossuary  | Reached skill level 8 in Maces & Flails
  6319 | Ossuary  | Reached skill level 9 in Maces & Flails
  6423 | Ossuary  | Reached ***** piety under Trog
  6671 | D:6      | Found a hazy altar of Hepliaklqana.
  6677 | D:6      | Found a hide-covered altar of Uskayaw.
  6717 | D:6      | Found Wipeink's Weapon Boutique.
  6772 | D:6      | Found a staircase to the Ecumenical Temple.
  7279 | D:7      | Noticed a hippogriff
  7292 | D:7      | Killed a hippogriff
  7292 | D:7      | Reached XP level 9. HP: 69/81 MP: 8/8
  7342 | D:7      | Reached skill level 10 in Maces & Flails
  8106 | D:7      | Reached skill level 11 in Maces & Flails
  8575 | D:7      | Received a gift from Trog
  9046 | D:8      | Found a stormy altar of Qazlal.
  9056 | D:8      | Reached XP level 10. HP: 91/91 MP: 3/9
  9141 | D:8      | Found a sparkling altar of Nemelex Xobeh.
  9375 | D:8      | Reached skill level 12 in Maces & Flails
  9735 | D:9      | Noticed Grum
  9745 | D:9      | Killed Grum
  9869 | D:9      | Reached skill level 10 in Fighting
 10259 | D:10     | Entered Level 10 of the Dungeon
 10489 | D:10     | Reached skill level 13 in Maces & Flails
 10646 | D:10     | Killed an unseen horror
 10646 | D:10     | Reached skill level 10 in Armour
 10749 | D:10     | Found a staircase to the Orcish Mines.
 10880 | D:10     | Noticed a two-headed ogre
 10887 | D:10     | Killed a two-headed ogre
 11036 | D:11     | Noticed an obsidian statue
 11067 | D:11     | Noticed a white ugly thing
 11188 | D:10     | Reached XP level 11. HP: 101/101 MP: 6/10
 11199 | D:11     | Noticed an eight-headed hydra
 11204 | D:10     | Killed an eight-headed hydra
 11204 | D:10     | Reached skill level 1 in Shields
 11210 | D:10     | Killed a white ugly thing
 11326 | D:11     | Noticed a red ugly thing
 11335 | D:10     | Received a gift from Trog
 11339 | D:10     | Killed a red ugly thing
 11339 | D:10     | Reached skill level 14 in Maces & Flails
 11748 | D:11     | HP: 4/102 [centaur/arrow (6)]
 12311 | D:11     | Noticed a cyan ugly thing
 12321 | D:11     | Killed a cyan ugly thing
 12346 | D:11     | Killed an unseen horror
 12571 | D:11     | Reached skill level 15 in Maces & Flails
 12727 | D:11     | Found a staircase to the Lair.
 12786 | D:11     | Got a blackened flail {drain}
 12787 | D:11     | Identified the +8 flail of Disharmony {drain, *Contam *Rage rC+ Int+8} (You took it off an orc priest on level 11 of the Dungeon)
 12922 | D:12     | Noticed a brown ugly thing
 12931 | D:12     | Killed a brown ugly thing
 12931 | D:12     | Reached skill level 5 in Shields
 13096 | D:12     | Received a gift from Trog
 13105 | D:12     | Reached XP level 12. HP: 112/112 MP: 6/11
 13817 | D:13     | Annihilated by an enormous slime creature

Vault maps used:
D:1:      saegor_arrival_miasma, minmay_box_of_dots
D:3:      cheibrodos_sewer_entry_drain
D:4:      serial_shops, nicolae_shop_crystal, first_ration
D:5:      lemuel_coloured_pillars_altar, trog_book
D:6:      amethyst_overflow_temple_binary, minmay_temple_entry_junction,
          nicolae_ossuary_entry_monument, serial_shops, shop
D:7:      kennysheep_steamy
D:8:      lemuel_doored_altar, grunt_ogre_cave, nemelex_dance_club_becter
D:9:      kennysheep_generic_room_5, uniq_grum
D:10:     orc_0_dummy
D:11:     cheibrodos_fzero, erik_lair_dragon, hangedman_decor_peaks_small,
          minmay_statue_bubble
D:13:     serial_shops, nicolae_shop_behind_doors, gammafunk_ghost_grave
Sewer:    sewer_fruit_machine
Ossuary:  ossuary_zaba_flooded

Skill      XL: |  1  2  3  4  5  6  7  8  9 10 11 12 |
---------------+-------------------------------------+-----
Maces & Flails | 4 5 6 7 9 11 13 15 | 15.5
Fighting       | 4 5 6 8 9 10 11 12 | 12.0
Armour         | 3 4 5 7 8 10 11 | 11.7
Dodging        | 3 4 |  4.1
Shields        | 5 |  5.8

Action                   |  1- 3 |  4- 6 |  7- 9 | 10-12 || total
-------------------------+-------+-------+-------+-------++-------
Melee: Mace              |    95 |   202 |   344 |       ||   641
       Headbutt          |    13 |    33 |    80 |    94 ||   220
       Dire flail        |       |       |    44 |   440 ||   484
       Flail             |       |       |       |    15 ||    15
       Eveningstar       |       |       |       |    32 ||    32
Invok: Berserk           |     3 |     2 |     3 |     7 ||    15
       Trog's Hand       |       |       |     1 |     2 ||     3
       Brothers in Arms  |       |       |       |     1 ||     1
  Use: Scroll            |       |     6 |       |     2 ||     8
       Potion            |       |       |       |     1 ||     1
 Stab: Sleeping          |     1 |       |       |       ||     1
       Confused          |       |       |       |     2 ||     2
  Eat: Chunk             |     4 |     8 |     8 |    23 ||    43
       Ration            |       |     1 |     3 |     1 ||     5
Armor: Animal skin       |    13 |       |       |       ||    13
       Scale mail        |     8 |    60 |       |       ||    68
       Plate armour      |       |    23 |   214 |   262 ||   499
Dodge: Dodged            |    72 |   127 |   156 |   174 ||   529
Block: Shield            |       |       |       |     3 ||     3

Table legend:
 A = Spawn XP
 B = Non-spawn XP
 C = Spawn XP percentage of total XP
 D = Spawn monster count
 E = Non-spawn monster count
 F = Spawn count percentage of total count
 G = Total turns spent on level
                    A         B        C        D         E        F      G
               +---------+---------+-------+---------+---------+-------+---------
         Total |       0 |   24718 |   0.0 |       0 |     393 |   0.0 | 13817
               +---------+---------+-------+---------+---------+-------+---------
           D:1 |       0 |      69 |   0.0 |       0 |      38 |   0.0 |   934
           D:2 |       0 |     197 |   0.0 |       0 |      28 |   0.0 |  1325
           D:3 |       0 |     203 |   0.0 |       0 |      32 |   0.0 |   999
           D:4 |       0 |     181 |   0.0 |       0 |      21 |   0.0 |   917
           D:5 |       0 |     437 |   0.0 |       0 |      17 |   0.0 |  1061
           D:6 |       0 |     650 |   0.0 |       0 |      11 |   0.0 |   935
           D:7 |       0 |    1855 |   0.0 |       0 |      23 |   0.0 |  1199
           D:8 |       0 |    1594 |   0.0 |       0 |      28 |   0.0 |   945
           D:9 |       0 |    1907 |   0.0 |       0 |      32 |   0.0 |   723
          D:10 |       0 |    5551 |   0.0 |       0 |      32 |   0.0 |  1449
          D:11 |       0 |    6778 |   0.0 |       0 |      53 |   0.0 |  1293
          D:12 |       0 |    3496 |   0.0 |       0 |      25 |   0.0 |   792
          D:13 |       0 |     877 |   0.0 |       0 |       3 |   0.0 |    24
         Sewer |       0 |      34 |   0.0 |       0 |      15 |   0.0 |   438
       Ossuary |       0 |     889 |   0.0 |       0 |      35 |   0.0 |   783
               +---------+---------+-------+---------+---------+-------+---------
